Map: Dusk Towers

Players

Miszu - Winner!

  • Race: Terran Terran
  • League: Master

ScaryGhost

  • Race: Terran Terran
  • League: Master

VOD

Have the link to the VOD?

Description

Time

  • Played on: Feb. 5, 2016, 5:26 p.m.
  • Length: 8:36
Show
View Real Time Build Order
Export as new Build Order

Miszu Terran - Winner!

Build Orders:  

Get SALT Encoding   

  12  0:01  SCV  
  13  0:14  SCV  
  14  0:20  Supply Depot  
  14  0:26  SCV  
  15  0:42  SCV  
  16  0:43  Barracks  
  16  0:47  Refinery  
  16  0:54  SCV  
  17  1:06  SCV  
  18  1:19  SCV  
  19  1:31  Orbital Command  
  19  1:32  Barracks Reactor  
  19  1:42  Command Center  
  19  1:54  Supply Depot  
  19  1:57  SCV  
  20  2:09  Marine x2  
  20  2:10  SCV  
  20  2:13  Factory  
  23  2:21  Refinery  
  23  2:22  SCV  
  24  2:26  Marine  
  24  2:27  Marine  
  26  2:34  SCV  
  27  2:47  SCV  
  27  2:48  Marine  
  27  2:49  Marine  
  30  2:56  Orbital Command  
  30  2:59  SCV  
  30  3:00  Starport  
  30  3:01  Factory Tech Lab  
  31  3:10  Marine x2  
  31  3:12  SCV  
  34  3:22  Cyclone, SCV  
  38  3:27  Marine  
  38  3:28  Marine  
  38  3:30  SCV  
  38  3:33  Supply Depot  
  41  3:38  Bunker  
  41  3:41  SCV  
  41  3:47  Viking  
  44  3:56  Supply Depot  
  44  4:02  Marine x2, SCV  
  46  4:04  Siege Tank  
  47  4:20  Viking, Marine  
  47  4:21  SCV x2  
  52  4:26  Supply Depot  
  52  4:33  SCV x2  
  52  4:35  Marine  
  55  4:40  Siege Tank  
  55  4:45  SCV  
  59  4:47  SCV  
  59  4:51  Supply Depot  
  60  4:57  Marine, SCV  
  60  4:58  Viking  
  60  4:59  SCV  
  65  5:04  Marine  
  65  5:05  Supply Depot  
  66  5:09  SCV  
  66  5:11  SCV  
  58  5:21  SCV  
  58  5:23  SCV  
  58  5:27  Barracks  
  58  5:28  Barracks  
  60  5:32  Refinery  
  60  5:34  SCV  
  60  5:35  SCV  
  62  5:43  Refinery  
  62  5:44  Marine x2, Siege Tank  
  62  5:45  Starport Reactor  
  62  5:46  SCV  
  62  5:47  SCV  
  69  5:51  Engineering Bay  
  69  5:58  SCV  
  69  5:59  SCV  
  71  6:09  Marine  
  71  6:10  SCV  
  71  6:11  Barracks, SCV  
  73  6:12  Barracks  
  73  6:15  Barracks Tech Lab x2  
  74  6:22  SCV  
  74  6:24  Terran Infantry Weapons Level 1  
  76  6:27  Supply Depot  
  76  6:28  Supply Depot  
  76  6:29  Marine x2  
  76  6:30  Medivac, Siege Tank  
  82  6:51  Marine x4  
  80  7:04  Marine  
  80  7:05  Marine  
  77  7:09  Marine x4  
  73  7:22  Marine  
  68  7:23  Marine  
  68  7:25  Viking  
  68  7:26  Marine  
  68  7:27  Marine x3  
  65  7:40  Marine  
  65  7:41  Marine  
  50  7:44  Marine  
  50  7:45  Marine x3  
  51  7:58  Marine  
  52  7:59  Marine  
  52  8:02  Marine  
  52  8:03  Marine  
Show
View Real Time Build Order
Export as new Build Order

ScaryGhost Terran 

Build Orders: 1/1/1, Hellion Opening 

Get SALT Encoding   

  12  0:00  SCV  
  13  0:13  SCV  
  14  0:17  Supply Depot  
  14  0:25  SCV  
  15  0:29  Refinery  
  15  0:39  SCV  
  16  0:44  Barracks  
  16  0:51  SCV  
  17  1:03  SCV  
  18  1:15  SCV  
  19  1:27  SCV  
  19  1:32  Marine  
  20  1:33  Factory  
  20  1:39  Orbital Command  
  21  1:44  Supply Depot  
  21  1:50  Barracks Reactor  
  21  2:05  SCV  
  21  2:07  Supply Depot  
  22  2:16  Command Center  
  22  2:20  SCV  
  23  2:27  Starport  
  23  2:33  Hellion  
  23  2:36  Hellion  
  27  2:41  Refinery  
  27  2:43  SCV  
  28  2:46  Barracks Reactor  
  28  2:54  Hellion  
  30  2:59  Hellion  
  32  3:06  SCV  
  33  3:16  Hellion  
  35  3:20  Hellion, SCV  
  38  3:33  Armory  
  38  3:35  Marine, Medivac  
  38  3:37  Hellion  
  45  3:41  Hellion  
  45  3:45  SCV  
  46  3:49  Orbital Command  
  46  3:58  Hellion, Medivac  
  45  4:19  Marine  
  45  4:20  Hellion  
  45  4:21  Hellion x4, Medivac  
  45  4:22  Hellion, SCV x2  
  54  4:38  Hellion x2  
  54  4:45  Barracks Tech Lab  
  54  4:51  Supply Depot  
  54  4:52  Supply Depot  
  54  4:55  Engineering Bay  
  54  5:12  Hellion x2, Marine, Medivac, SCV  
  54  5:13  SCV  
  51  5:24  SCV  
  51  5:25  SCV  
  47  5:30  Marine  
  47  5:33  Medivac  
  47  5:34  Hellion x2  
  54  5:36  Terran Infantry Weapons Level 1  
  54  5:40  Barracks  
  53  5:43  SCV x2  
  53  5:46  Refinery  
  53  5:48  Marine, Refinery  
  56  5:55  SCV x2  
  58  5:59  Hellion x2  
  58  6:01  Medivac  
  64  6:07  SCV x2  
  66  6:14  Marine  
  67  6:19  SCV x2  
  67  6:20  Barracks  
  67  6:21  Barracks  
  67  6:25  Barracks  
  69  6:29  Barracks Reactor  
  70  6:32  SCV  
  46  7:37  SCV  
  46  7:38  SCV  
Tags
 
Add a new tag
Caveats
  • Supply blocks, unpowered buildings, or Contaminate may cause inaccurate times.
  • Supply counts are checked every 10 seconds.